 Dungeon Crawl Stone Soup version 0.22.0 (webtiles) character file.

1413 Gergoth the Cleaver (level 8, -12/77 HPs)
             Began as a Hill Orc Monk on Aug 10, 2018.
             Was a Believer of Qazlal.
             Shot with a sling bullet by Joseph (17 damage)
             ... on level 7 of the Dungeon.
             The game lasted 00:10:20 (5717 turns).

Gergoth the Cleaver (Hill Orc Monk)                 Turns: 5717, Time: 00:10:20

Health: -12/77     AC:  1    Str: 16    XL:     8   Next: 71%
Magic:  9/9        EV:  7    Int: 10    God:    Qazlal [**....]
Gold:   278        SH:  7    Dex: 13    Spells: 7/7 levels left

rFire    . . .     SeeInvis .   a - +0 hand axe
rCold    . . .     Gourm    .   q - +0 buckler
rNeg     . . .     Faith    .   u - +0 chain mail
rPois    .         Spirit   .   w - +1 hat
rElec    .         Reflect  .   (no cloak)
rCorr    .         Harm     .   (no gloves)
MR       .....                  (no boots)
Stlth    ..........             (no amulet)
HPRegen  0.22/turn              (no ring)
MPRegen  0.11/turn              (no ring)

@: corroded
A: no striking features
a: Upheaval, Renounce Religion


You were on level 7 of the Dungeon.
You worshipped Qazlal.
Qazlal was pleased with you.
You were hungry.

You visited 2 branches of the dungeon, and saw 8 of its levels.

You collected 278 gold pieces.

Inventory:

Hand Weapons
 a - a +0 hand axe (weapon)
 t - a +0 battleaxe
Armour
 l - a +2 robe of positive energy
 q - a +0 buckler (worn)
 u - a +0 chain mail (worn)
 w - a +1 hat (worn)
Jewellery
 s - an uncursed amulet of the acrobat {unknown}
Wands
 m - a wand of paralysis (9)
 y - a wand of polymorph (20)
Scrolls
 d - 3 scrolls of magic mapping {unknown}
 e - 4 scrolls of identify {unknown}
 f - 5 scrolls of teleportation {unknown}
 g - 3 scrolls of random uselessness {unknown}
 i - 2 scrolls of blinking {unknown}
 j - 8 scrolls of remove curse {unknown}
 n - a scroll of enchant weapon {unknown}
 p - 3 scrolls of fog {unknown}
 v - a scroll of fear {unknown}
Potions
 b - 3 potions of curing {unknown}
 h - a potion of lignification {unknown}
 k - a potion of invisibility {unknown}
 o - 2 potions of heal wounds {unknown}
 r - a potion of degeneration {unknown}
 x - a potion of mutation {unknown}
Comestibles
 c - 7 rations


   Skills:
 + Level 8.8 Fighting
 + Level 9.6 Axes
 - Level 2.4 Dodging
 - Level 1.5 Stealth
 - Level 4.0 Shields
 + Level 2.1 Invocations


You had 7 spell levels left.
You didn't know any spells.
Your spell library was empty.

Dungeon Overview and Level Annotations

Branches:
Dungeon (7/15)             Temple (1/1) D:6

Altars:
Ashenzari
Cheibriados
Dithmenos
Hepliaklqana
Kikubaaqudgha
Makhleb
Nemelex Xobeh
Okawaru
Qazlal
Ru
Sif Muna
Trog
Uskayaw
Vehumet
Wu Jian
Xom
Yredelemnul
Zin
The Shining One

Annotations:
D:6 Prince Ribbit
D:7 1 transporter, Joseph


Message History

Evoke which item? (* to show all) (? for menu, Esc to quit)
Aiming: Paralyse
Press: ? - help, Shift-Dir - straight line, f - Joseph
Aim: Joseph, wielding a quarterstaff of pain and wearing a shiny ring mail (moderately wounded, chance to defeat MR: 28%) Joseph easily resists.
Joseph hits you with an uncursed quarterstaff of pain!
* * * LOW HITPOINT WARNING * * *
You hit Joseph but do no damage.
Joseph is moderately wounded.
Joseph hits you with an uncursed quarterstaff of pain!
* * * LOW HITPOINT WARNING * * *
Aiming: Upheaval
Press: ? - help, Dir - move target cursor, f/p - Joseph
Aim: Joseph, wielding a quarterstaff of pain and wearing a shiny ring mail (moderately wounded) That beam is likely to hit you.
Continue anyway?
Okay, then.
Joseph unwields an uncursed quarterstaff of pain.
Joseph wields an uncursed hunting sling.
Joseph shoots a sling bullet.
The sling bullet hits you!
You die...

......... #.#
..... #.# .....
#.#### .....##
#..... .......
###### ....... #
.......###########
# #...?(........#
# #..ยง@########.#
# #....# #.# #
#..@.# #.#######
#....# #........
......# #########
###.#+## #. ##


You could see Joseph.

Vanquished Creatures
  Pikel (D:6)
  Grinder (D:6)
  Sigmund (D:5)
  An ice beast (D:7)
  An ogre (D:6)
  2 bullfrog zombies
  A jelly (D:7)
  3 orc wizards (D:5)
  An orc priest (D:6)
  A gnoll shaman (D:6)
  2 worker ants
  A hound skeleton (D:5)
  A worker ant zombie (D:5)
  3 gnolls (D:6)
  3 adders (D:3)
  2 oozes (D:5)
  3 worms
  4 leopard geckos
  7 orcs
  7 bats
  2 giant cockroaches
  10 goblins
  4 hobgoblins
  2 jackals
  A quokka (D:3)
  4 ball pythons
  A ball python zombie (D:5)
  4 frilled lizards
  8 kobolds
  A quokka skeleton (D:5)
  11 rats
94 creatures vanquished.

Vanquished Creatures (others)
  An eye of draining (D:6)
  An ice beast (D:6)
  A slave (D:6)
  A bullfrog zombie (D:6)
  A jelly (D:6)
  A centaur skeleton (D:6)
  A hound zombie (D:6)
  4 gnolls (D:6)
  An adder (D:6)
12 creatures vanquished.

Grand Total: 106 creatures vanquished

Notes
Turn   | Place    | Note
-------+----------+-------------------------------------------
     0 | D:1      | Gergoth the Hill Orc Monk began the quest for the Orb.
     0 | D:1      | Reached XP level 1. HP: 19/19 MP: 1/1
   148 | D:1      | Reached XP level 2. HP: 24/27 MP: 2/2
  1111 | D:2      | Reached XP level 3. HP: 31/34 MP: 3/3
  1382 | D:2      | Reached skill level 5 in Axes
  1829 | D:3      | Reached XP level 4. HP: 33/41 MP: 4/4
  2161 | D:3      | Reached skill level 5 in Fighting
  2407 | D:4      | Found a deep blue altar of Sif Muna.
  2422 | D:4      | Noticed an ogre
  2504 | D:4      | Found a shadowy altar of Dithmenos.
  2591 | D:4      | Noticed an ogre
  2617 | D:5      | Entered Level 5 of the Dungeon
  2933 | D:5      | Found a sacrificial altar of Ru.
  2964 | D:5      | Reached skill level 1 in Shields
  2964 | D:5      | Reached XP level 5. HP: 33/48 MP: 5/5
  2978 | D:5      | Reached skill level 6 in Axes
  3350 | D:5      | Reached XP level 6. HP: 57/57 MP: 6/6
  3423 | D:5      | Noticed Sigmund
  3465 | D:6      | Noticed Grinder
  3614 | D:5      | Killed Sigmund
  4046 | D:6      | Killed Grinder
  4046 | D:6      | Reached skill level 7 in Axes
  4046 | D:6      | Reached XP level 7. HP: 30/64 MP: 7/7
  4454 | D:6      | Noticed Pikel
  4491 | D:6      | Killed Pikel
  4491 | D:6      | Reached skill level 9 in Axes
  4491 | D:6      | Reached XP level 8. HP: 34/74 MP: 8/8
  4899 | D:6      | Found a staircase to the Ecumenical Temple.
  4948 | Temple   | Entered the Ecumenical Temple
  5007 | Temple   | Became a worshipper of Qazlal Stormbringer
  5007 | Temple   | Reached * piety under Qazlal
  5007 | Temple   | Reached ** piety under Qazlal
  5075 | D:6      | Found a sparkling altar of Nemelex Xobeh.
  5265 | D:6      | Reached skill level 1 in Invocations
  5290 | D:6      | Noticed Prince Ribbit
  5639 | D:7      | Found a transporter.
  5701 | D:7      | Noticed Joseph
  5717 | D:7      | Shot with a sling bullet by Joseph

Skill      XL: |  1  2  3  4  5  6  7  8 |
---------------+-------------------------+-----
Fighting       | 4 5 6 8 |  8.8
Axes           | 5 6 7 9 |  9.6
Shields        | 1 2 3 4 |  4.0
Invocations    | 2 |  2.1
Dodging        | |  2.4
Stealth        | |  1.5

Action                   |  1- 3 |  4- 6 |  7- 9 || total
-------------------------+-------+-------+-------++-------
Melee: Hand axe          |   140 |   155 |   125 ||   420
Evoke: Wand              |       |     3 |     4 ||     7
 Stab: Sleeping          |     7 |     2 |       ||     9
       Distracted        |       |     1 |       ||     1
       Paralysed         |       |     8 |    12 ||    20
  Eat: Chunk             |     3 |     6 |     6 ||    15
Armor: Robe              |    32 |    28 |       ||    60
       Chain mail        |       |     5 |    45 ||    50
Dodge: Dodged            |    95 |    90 |    30 ||   215
Block: Buckler           |       |     3 |    26 ||    29
